 Dungeon Crawl Stone Soup version 0.30-a0-719-gcc4359ea44 (webtiles) character file.

Game seed: 10495246401132369348

231 Arximoufas the Cutter (level 5, -2/38 HPs)
             Began as a Demonspawn Warper on Jan 26, 2023.
             Slain by an orc priest
             ... wielding a +0 short sword
              (5 damage)
             ... on level 4 of the Dungeon.
             The game lasted 00:07:12 (2452 turns).

Arximoufas the Cutter (Demonspawn Warper)           Turns: 2452, Time: 00:07:13

Health: -2/38      AC:  3    Str: 13    XL:     5   Next: 73%
Magic:  8/8        EV: 11    Int: 15    God:
Gold:   143        SH:  4    Dex: 12    Spells: 8/8 levels left

rFire   . . .      SeeInvis .    a - +0 short sword
rCold   + . .      Faith    .    (no shield)
rNeg    . . .      Spirit   .    b - +0 leather armour
rPois   .          Reflect  .    (no helmet)
rElec   .          Harm     .    (no cloak)
rCorr   .          Rampage  .    (no gloves)
Will    .....                    (no boots)
Stlth   ++                       (no amulet)
HPRegen 0.26/turn                i - ring of protection from cold
MPRegen 0.11/turn                (no ring)

@: mighty
A: large bone plates 1, spiny 2
a: no special abilities


You were on level 4 of the Dungeon.
You visited 1 branch of the dungeon, and saw 4 of its levels.

You collected 143 gold pieces.

Inventory:

Hand Weapons
 a - a +0 short sword (weapon)
Missiles
 d - 7 boomerangs of dispersal (quivered)
 m - a throwing net
Armour
 b - a +0 leather armour (worn)
Jewellery
 i - a ring of protection from cold (left hand)
Scrolls
 c - a scroll of blinking
 e - a scroll of fear {unknown}
 f - a scroll of summoning {unknown}
 g - a scroll of teleportation {unknown}
 h - 2 scrolls of poison {unknown}
 j - a scroll of enchant armour {unknown}
 l - a scroll of amnesia {unknown}
 n - a scroll of vulnerability {unknown}
Potions
 k - a potion of might
 o - a potion of berserk rage {unknown}


   Skills:
 - Level 2.0 Fighting
 * Level 4.6 Short Blades
 - Level 0.8 Throwing
 - Level 0.8 Armour
 - Level 1.7 Dodging
 + Level 3.0 Stealth
 - Level 2.0 Spellcasting
 - Level 2.6 Translocations


You had 8 spell levels left.
You didn't know any spells.
Your spell library contained the following spells:

 Spells                   Type           Power      Damage    Failure   Level
 Blink                    Tloc           18%        N/A       14%         2
 Lesser Beckoning         Tloc           18%        N/A       14%         2
 Sting                    Tmut/Pois      4%         1d3       28%         1
 Gell's Gravitas          Tloc           9%         N/A       28%         3
 Teleport Other           Tloc           9%         N/A       28%         3
 Poisonous Vapours        Pois/Air       2%         N/A       38%         2
 Vhi's Electric Charge    Tloc/Air       10%        N/A       43%         3
 Summon Guardian Golem    Hex/Summ       1%         N/A       63%         3
 Manifold Assault         Tloc           9%         N/A       67%         4
 Olgreb's Toxic Radiance  Pois           1%         N/A       95%         4
 Orb of Destruction       Conj           0%         9d5       100%        7
 Spellforged Servitor     Conj/Summ      0%         N/A       100%        7


Dungeon Overview and Level Annotations

Branches:
Dungeon (4/15)
 Temple: D:4-7

Altars:
Trog

Shops:
D:2 [


Innate Abilities, Weirdness & Mutations

You are partially covered in large bone plates. (SH +4)
You are mostly covered in sharp spines.


Message History

The iguana is heavily wounded.
The iguana hisses menacingly.
The iguana barely misses you.
You hit the iguana but do no damage.
The iguana is heavily wounded.
The iguana bites you but does no damage.
You closely miss the iguana.
The iguana is heavily wounded.
You hit the iguana.
The iguana is severely wounded.
The iguana is struck by your spines. The iguana barely misses you.
You closely miss the iguana.
The iguana is severely wounded.
The iguana is struck by your spines. The iguana bites you.
* * * LOW HITPOINT WARNING * * *
You hit the iguana but do no damage.
The iguana is severely wounded.
The iguana closely misses you.
You barely miss the iguana.
The iguana is severely wounded.
You hit the iguana.
The iguana is almost dead.
The iguana bites you!
* * * LOW HITPOINT WARNING * * *
You hit the iguana but do no damage.
The iguana is almost dead.
The iguana is struck by your spines.
You kill the iguana!
Your Stealth skill increases to level 3!
It was a potion of might.
You feel very mighty all of a sudden.
You closely miss the orc priest.
The orc priest invokes the aid of Beogh against you.
You barely resist. You closely miss the orc priest.
You puncture the orc priest!
The orc priest is severely wounded.
The orc priest is struck by your spines.
The orc priest hits you with a +0 short sword.
You die...

......### .......>.##
........####..........#
......#...............#
#..<....#.........#
#.......o...........#
#...###.###...........#
..#
#.)).#..........###### .
#...)##o...).........#
#....#@............#>#
#...##..........##.#[#
...#.##..........##...##
#####..#.........####...#
#..#........## ##.<#
##.########## #### .#


You could see an orc priest.

Vanquished Creatures
  A bullfrog (D:3)
  A jelly (D:3)
  An iguana (D:4)
  An orc wizard (D:3)
  An adder (D:3)
  A worm (D:2)
  A dart slug (D:2)
  9 orcs
  8 endoplasms
  4 giant cockroaches
  3 goblins
  6 hobgoblins
  5 kobolds
  2 quokkas (D:2)
  6 ball pythons
  2 bats
  2 frilled lizards (D:2)
  3 rats
57 creatures vanquished.

Notes
Turn   | Place    | Note
-------+----------+-------------------------------------------
     0 | D:1      | Arximoufas the Demonspawn Warper began the quest for the
                  | Orb.
     0 | D:1      | Reached XP level 1. HP: 16/16 MP: 3/3
   312 | D:1      | Reached skill level 2 in Short Blades
   342 | D:1      | Gained mutation: You are partially covered in large bone
                  | plates. (SH +4) [demonic ancestry]
   342 | D:1      | Reached XP level 2. HP: 8/22 MP: 5/5
   468 | D:2      | Reached skill level 1 in Stealth
  1293 | D:2      | Gained mutation: You are partially covered in sharp spines.
                  | [demonic ancestry]
  1293 | D:2      | Reached XP level 3. HP: 27/27 MP: 6/6
  1325 | D:2      | Found Fiwahosk's Armour Emporium.
  1541 | D:3      | Reached skill level 3 in Short Blades
  1690 | D:3      | Found a bloodstained altar of Trog.
  1991 | D:3      | Gained mutation: You are mostly covered in sharp spines.
                  | [demonic ancestry]
  1991 | D:3      | Reached XP level 4. HP: 33/33 MP: 7/7
  2085 | D:3      | Noticed a bullfrog
  2093 | D:3      | Killed a bullfrog
  2094 | D:3      | Reached skill level 4 in Short Blades
  2094 | D:3      | Reached XP level 5. HP: 27/38 MP: 8/8
  2452 | D:4      | Slain by an orc priest

Illustrated notes

Levels and vault maps discovered:
D:1:      spicycebolla_arrival_clurvy, layout_basic
D:2:      layout_loops_corners, serial_shops, nicolae_shop_waterfront
D:3:      layout_rooms, trog_hazing_becter
D:4:      layout_rooms, serial_shops, nicolae_shop_crystal

Skill      XL: |  1  2  3  4  5 |
---------------+----------------+-----
Short Blades   | 2 3 4 |  4.6
Stealth        | 1 2 3 |  3.0
Fighting       | |  2.0
Throwing       | |  0.8
Armour         | |  0.8
Dodging        | |  1.7
Spellcasting   | |  2.0
Translocations | |  2.6

Action                     |  1- 3 |  4- 6 || total
---------------------------+-------+-------++-------
  Melee: Short sword       |   210 |    47 ||   257
         Punch             |     4 |       ||     4
    Use: Potion            |     3 |     1 ||     4
   Stab: Sleeping          |     3 |     1 ||     4
 Armour: Leather armour    |    79 |     8 ||    87
         Skin              |    41 |       ||    41
  Dodge: Dodged            |   189 |    16 ||   205
  Block: Other             |    26 |     4 ||    30

Table legend: (Time is in decaauts)
 A = Elapsed time spent in this place.
 B = Non-inter-level travel time spent in this place.
 C = Inter-level travel time spent in this place.
 D = Time resting spent in this place.
 E = Time spent auto-exploring this place.
 F = Levels seen in this place.
 G = Mean time per level.
                   A        B        C        D        E       F      G
               +--------+--------+--------+--------+--------+-----+--------+
         Total |   2414 |   2317 |     97 |    353 |   1217 |   4 |  603.5 |
       Dungeon |   2414 |   2317 |     97 |    353 |   1217 |   4 |  603.5 |
               +--------+--------+--------+--------+--------+-----+--------+

Top non-repeatable levels by time:
     D:2: 1043 daAuts
     D:3: 811 daAuts
     D:1: 452 daAuts
     D:4: 106 daAuts
